 Dungeon Crawl Stone Soup version 0.23-a0-151-gf6d1ed2 (webtiles) character file.

490 Amnesiac the Chiller (level 6, -4/41 HPs)
             Began as a Mummy Ice Elementalist on Sept 8, 2018.
             Was a Follower of Vehumet.
             Slain by Blork the orc
             ... wielding a +0 dire flail
              (7 damage)
             ... on level 5 of the Dungeon.
             The game lasted 00:07:54 (5445 turns).

Amnesiac the Chiller (Mummy Ice Elementalist)       Turns: 5445, Time: 00:07:55

Health: -4/41      AC:  2    Str: 10    XL:     6   Next: 90%
Magic:  0/11       EV: 12    Int: 21    God:    Vehumet [*.....]
Gold:   178        SH:  4    Dex: 12    Spells: 2/12 levels left

rFire    x . .     SeeInvis .   a - +3 whip (venom)
rCold    + . .     Gourm    .   d - +0 buckler
rNeg     + + +     Faith    .   b - +0 robe
rPois    ∞         Spirit   .   (no helmet)
rElec    .         Reflect  .   (no cloak)
rCorr    .         Harm     .   (no gloves)
MR       .....                  (no boots)
Stlth    ++........             (no amulet)
HPRegen  0.13/turn              f - -2 ring of strength
MPRegen  0.12/turn              e - +5 ring of intelligence

@: no status effects
A: no food or potions, fire vulnerability, cold resistance 1, negative energy
resistance 3, torment resistance, unbreathing
a: Renounce Religion


You were on level 5 of the Dungeon.
You worshipped Vehumet.
Vehumet was aware of your devotion.
You were not hungry.

You visited 2 branches of the dungeon, and saw 6 of its levels.

You collected 178 gold pieces.

Inventory:

Hand Weapons
 a - a +3 whip of venom (weapon)
Armour
 b - a +0 robe (worn)
 d - a +0 buckler (worn)
Jewellery
 e - a +5 ring of intelligence (right hand)
 f - a -2 ring of strength (left hand)
Wands
 g - a wand of random effects (1)
Scrolls
 c - 3 scrolls of teleportation {!r}
 h - 2 scrolls of fog {!r}
 i - a scroll of identify {!r}
 l - a scroll of amnesia {!r}


   Skills:
 - Level 1.5 Dodging
 - Level 1.5 Stealth
 + Level 2.5 Shields
 + Level 3.8 Spellcasting
 * Level 3.8 Conjurations
 * Level 3.9 Ice Magic


You had 2 spell levels left.
You knew the following spells:

 Your Spells              Type           Power        Failure   Level  Hunger
a - Freeze                Ice            ###.         3%          1    N/A
c - Ozocubu's Armour      Chrm/Ice       ##......     21%         3    N/A
d - Throw Frost           Conj/Ice       ###...       4%          2    N/A
e - Throw Icicle          Conj/Ice       ###.....     28%         4    N/A

Your spell library contained the following spells:

 Spells                   Type           Power        Failure   Level  Hunger
 Sting                    Conj/Pois      ##..         7%          1    N/A
 Summon Ice Beast         Ice/Summ       ##......     54%         4    N/A

Dungeon Overview and Level Annotations

Branches:
Dungeon (5/15)             Temple (1/1) D:4

Altars:
Cheibriados
Dithmenos
Elyvilon
Fedhas
Gozag
Kikubaaqudgha
Makhleb
Okawaru
Qazlal
Ru
Trog
Uskayaw
Vehumet
Wu Jian
Xom
Yredelemnul
Zin
The Shining One

Shops:
D:5 !

Annotations:
D:5 Blork the orc, Grinder


Innate Abilities, Weirdness & Mutations

You do not eat or drink.
Your flesh is vulnerable to fire.
You are immune to poison.
Your flesh is cold resistant. (rC+)
You are immune to negative energy. (rN+++)
You are immune to unholy pain and torment.
You can survive without breathing.


Message History

You see here a bullfrog corpse.
You see here 5 curare-tipped needles.
Key pressed, stopping explore.
Found a ration.
Blork the orc comes into view.
He is wielding a dire flail.
Blork the orc is nearby!
Blork the orc is nearby!
A ball python comes into view.
The ball python hisses angrily.
A bullfrog skeleton comes into view.
The ball python completely misses you. The ball python barely misses you.
Casting: Freeze (safe; 3% risk of failure)
Confirm with . or Enter, or press ? or * to list all spells.
Aiming: Freeze (safe; 3% risk of failure)
Press: ? - help, Shift-Dir - straight line, f - ball python
Aim: a ball python You freeze the ball python.
The ball python is moderately wounded.
The ball python bites you. The ball python grabs you.
The ball python constricts you.
You escape the ball python's grasp.
Blork the orc shouts!
Blork the orc casts a spell.
Blork the orc seems to speed up.
You hit Blork the orc.
Blork the orc is poisoned.
Blork the orc is moderately wounded.
Blork the orc hits you with a dire flail!
You block the ball python's attack. The ball python barely misses you. x3
Casting: Freeze (safe; 3% risk of failure)
Confirm with . or Enter, or press ? or * to list all spells.
Aiming: Throw Frost (safe; 4% risk of failure)
Press: ? - help, Shift-Dir - straight line, f - Blork the orc, p - ball python
Aim: Blork the orc, wielding a dire flail and wearing a robe (moderately The puff of frost misses Blork the orc.
Blork the orc hits you with a dire flail.
Blork the orc hits you with a dire flail!
* * * LOW HITPOINT WARNING * * *
The ball python closely misses you. x2
Unknown command.
Casting: Throw Frost (safe; 4% risk of failure)
Confirm with . or Enter, or press ? or * to list all spells.
Aiming: Throw Icicle (quite dangerous; 28% risk of failure)
Press: ? - help, Shift-Dir - straight line, f/p - Blork the orc
Aim: Blork the orc, wielding a dire flail and wearing a robe (moderately The shard of ice misses Blork the orc.
Blork the orc hits you with a dire flail!
* * * LOW HITPOINT WARNING * * *
The ball python closely misses you. You block the ball python's attack.
Okay, then.
Casting: Throw Icicle (quite dangerous; 28% risk of failure)
Confirm with . or Enter, or press ? or * to list all spells.
Aiming: Throw Frost (safe; 4% risk of failure)
Press: ? - help, Shift-Dir - straight line, f/p - Blork the orc
Aim: Blork the orc, wielding a dire flail and wearing a robe (moderately
Okay, then.
Casting: Throw Frost (safe; 4% risk of failure)
Confirm with . or Enter, or press ? or * to list all spells.
Aiming: Throw Icicle (quite dangerous; 28% risk of failure)
Press: ? - help, Shift-Dir - straight line, f/p - Blork the orc
Aim: Blork the orc, wielding a dire flail and wearing a robe (moderately The shard of ice hits Blork the orc.
Blork the orc is heavily wounded.
Blork the orc hits you with a dire flail!
You die...

,,,,,,,,,* ######....
********,******### #.........
.,,,,,,*,,,,,,,..# #.####....
.,,,,,,********#.# #.# #....
.######**,* #.# #.# #....
......,,,,* #.# #.# #....
.....#***,* #Z# #.# #....
.....####,* #S# #.# #....
...†....#'###* #@# #.# #....
..........o..###o#######.#######.
....##.......>...............###)
..#..............................
###.....############.....###..##'
.(..<...',,,.......'.....#.......
.##.....#***########....##.......
.###+#### #....##....... .#
#.######## #....##.......


You could see Blork the orc, a ball python and a bullfrog skeleton.

Vanquished Creatures
  A centaur (D:5)
  A bullfrog (D:5)
  A crimson imp (D:5)
  A centaur zombie (D:5)
  An orc priest (D:5)
  An orc wizard (D:5)
  An iguana (D:2)
  7 adders
  4 oozes
  5 worms
  5 leopard geckos
  4 orcs
  7 bats
  4 giant cockroaches
  15 goblins
  16 hobgoblins
  4 jackals
  7 kobolds
  4 quokkas
  A ball python (D:1)
  6 frilled lizards
  7 rats
103 creatures vanquished.

Notes
Turn   | Place    | Note
-------+----------+-------------------------------------------
     0 | D:1      | Amnesiac the Mummy Ice Elementalist began the quest for the
                  | Orb.
     0 | D:1      | Reached XP level 1. HP: 13/13 MP: 4/4
   207 | D:1      | Reached XP level 2. HP: 19/19 MP: 2/5
   217 | D:1      | Learned a level 2 spell: Throw Frost
   266 | D:3      | Reached skill level 1 in Conjurations
   741 | D:5      | Entered Level 5 of the Dungeon
   834 | D:4      | Reached XP level 3. HP: 21/24 MP: 5/7
   839 | D:4      | Learned a level 3 spell: Ozocubu's Armour
   857 | D:5      | Reached skill level 1 in Shields
  1120 | D:4      | Found a staircase to the Ecumenical Temple.
  1129 | Temple   | Entered the Ecumenical Temple
  1149 | Temple   | Became a worshipper of Vehumet
  1541 | D:1      | Reached XP level 4. HP: 23/30 MP: 0/8
  2436 | D:2      | Reached XP level 5. HP: 25/35 MP: 4/9
  2859 | D:2      | Reached * piety under Vehumet
  2859 | D:2      | Offered knowledge of Sting by Vehumet.
  3914 | D:3      | Found a glowing golden altar of the Shining One.
  4567 | D:5      | Learned a level 4 spell: Throw Icicle
  4600 | D:5      | Found a blossoming altar of Fedhas.
  4719 | D:5      | Found Xyri's Distillery.
  4783 | D:5      | Reached XP level 6. HP: 22/41 MP: 5/11
  5155 | D:5      | Noticed Grinder
  5434 | D:5      | Noticed Blork the orc
  5445 | D:5      | Slain by Blork the orc

Vault maps used:
D:1:      minmay_arrival_jagged, nrook_mini_vaults
D:2:      minmay_diamond_boxcup
D:3:      corexii_shack_village, lemuel_crystal_altar, first_ration
D:4:      minmay_temple_entry_trees, skrybe_limestone_x
D:5:      serial_shops, nicolae_shop_trees, fedhas_bush_and_centaur_altar,
          uniq_grinder, uniq_blork_the_orc
Temple:   lightli_temple_of_artemis

Skill      XL: |  1  2  3  4  5 |
---------------+----------------+-----
Conjurations   | 1 2 3 |  3.8
Shields        | 1 2 |  2.5
Ice Magic      | 3 |  3.9
Spellcasting   | 3 |  3.8
Dodging        | |  1.5
Stealth        | |  1.5

Action                   |  1- 3 |  4- 6 || total
-------------------------+-------+-------++-------
Melee: Short sword       |     9 |    30 ||    39
       Unarmed           |     9 |       ||     9
       Whip              |       |    22 ||    22
 Cast: Freeze            |    61 |   137 ||   198
       Throw Frost       |       |    10 ||    10
       Throw Icicle      |       |     4 ||     4
Evoke: Wand              |       |     2 ||     2
  Use: Scroll            |       |    13 ||    13
 Stab: Sleeping          |       |     4 ||     4
       Paralysed         |       |     4 ||     4
Armor: Robe              |    14 |    15 ||    29
Dodge: Dodged            |    38 |    77 ||   115
Block: Buckler           |    13 |    31 ||    44

Table legend:
 A = Non-vault XP
 B = Vault XP
 C = Vault XP percentage of total XP
 D = Non-vault monster count
 E = Vault monster count
 F = Vault count percentage of total count
                 A         B        C        D         E       F
            +---------+---------+-------+---------+---------+-------
      Total |     544 |     157 |  22.4 |      84 |      19 |  18.4
            +---------+---------+-------+---------+---------+-------
        D:1 |      39 |       0 |   0.0 |      19 |       0 |   0.0
        D:2 |     139 |      31 |  18.2 |      33 |       8 |  19.5
        D:3 |      21 |      20 |  48.8 |       8 |      10 |  55.6
        D:4 |      24 |       0 |   0.0 |       7 |       0 |   0.0
        D:5 |     321 |     106 |  24.8 |      17 |       1 |   5.6
            +---------+---------+-------+---------+---------+-------
